 Dungeon Crawl Stone Soup version 0.31-a0-1616-gbeaec30 (webtiles) character file.

Game seed: 9422496506500621280

80 Dorkslayer the Ducker (level 4, -1/31 HPs)
             Began as an Octopode Fighter on Jan 10, 2024.
             Slain by a gnoll
             ... wielding a +0 spear
             ... led by a gnoll bouda
              (2 damage)
             ... on level 4 of the Dungeon.
             The game lasted 00:04:40 (2256 turns).

Dorkslayer the Ducker (Octopode Fighter)            Turns: 2256, Time: 00:04:41

Health: -1/31      AC:  1    Str: 15    XL:     4   Next: 39%
Magic:  4/4        EV: 13    Int: 10    God:
Gold:   158        SH:  4    Dex: 13    Spells: 3/3 levels left

rFire   . . .        a - +0 long sword
rCold   . . .        b - +0 buckler
rNeg    . . .        (helmet restricted)
rPois   .            (no amulet)
rElec   .            (no ring)
rCorr   .            (no ring)
SInv    .            (no ring)
Will    .....        (no ring)
Stlth   +++          (no ring)
HPRegen 0.25/turn    (no ring)
MPRegen 0.09/turn    (no ring)
                     (no ring)

%: no passive effects
@: no status effects
A: almost no armour, amphibious, 8 rings, camouflage 1, gelatinous body 1,
(nimble swimmer 1), tentacles
a: no special abilities


You were on level 4 of the Dungeon.
You visited 1 branch of the dungeon, and saw 4 of its levels.

You collected 158 gold pieces.

Inventory:

Hand Weapons
 a - a +0 long sword (weapon)
Armour
 b - a +0 buckler (worn)
Potions
 c - a potion of might
 d - a potion of degeneration {unknown}
 e - 2 potions of enlightenment
 g - a potion of haste {unknown}
 h - 4 potions of curing {unknown}
 k - a potion of cancellation {unknown}


   Skills:
 + Level 3.4 Fighting
 + Level 2.8 Long Blades
 * Level 3.8 Dodging
 + Level 1.1 Stealth
 + Level 3.3 Shields


You had 3 spell levels left.
You didn't know any spells.
Your spell library contained the following spells:

 Spells                   Type           Power      Damage    Failure   Level
 Gell's Gravitas          Tloc           0%         N/A       83%         3
 Teleport Other           Tloc           0%         N/A       83%         3
 Dispersal                Tloc           0%         N/A       100%        6


Dungeon Overview and Level Annotations

Branches:
Dungeon (4/15)
 Temple: D:4-7

Altars:
Okawaru

Shops:
D:1 [


Innate Abilities, Weirdness & Mutations

You cannot wear most types of armour.
You are amphibious.
You can wear up to eight rings at the same time.
Your skin changes colour to match your surroundings (Stealth+).
Your rubbery body absorbs attacks. (AC +1, EV +1)
((You are camouflaged when in or above water. (Stealth+)))
You have tentacles for arms and can constrict up to eight enemies at once.


Message History

The frilled lizard barely misses you. x2
You closely miss the frilled lizard. You grab the frilled lizard.
You squeeze the frilled lizard.
You kill the frilled lizard!
You see here a frilled lizard corpse.
You now have 158 gold pieces (gained 5).
Found 5 stones.
Done exploring.
You see here a +0 short sword.
You see here a +0 dagger.
There is a stone staircase leading down here.
You climb downwards.
There is a stone staircase leading up here.
As you read the scroll labelled ZIUC CEADDUA, it crumbles to dust.
The air around you briefly surges with heat, but it dissipates.
It was a scroll of immolation.
As you read the scroll labelled KEILUF AREXOYX, it crumbles to dust.
It is a scroll of identify.
e - 2 potions of enlightenment
As you read the scroll labelled OCVUSU TIS, it crumbles to dust.
You feel strangely unstable.
It was a scroll of teleportation.
Your surroundings suddenly seem different.
A gnoll bouda and 2 gnolls come into view.
Found an escape hatch in the ceiling.
Found a stone staircase leading down.
A gnoll comes into view. It is wielding a +0 spear.
The gnoll shouts! x3
The gnoll hits you from afar with a +0 spear!
The gnoll bouda shouts!
The gnoll hits you with a +0 spear.
The gnoll hits you from afar with a +0 spear.
The gnoll bouda barks out a call to the hunt!
The gnolls pick up the pace!
The gnoll attacks as it pursues you! The gnoll hits you with a +0 club!
You hit the gnoll. You grab the gnoll.
The gnoll is heavily wounded.
You constrict the gnoll. The gnoll closely misses you. The gnoll misses you.
The gnoll hits you from afar with a +0 spear!
* * * LOW HITPOINT WARNING * * *
The gnoll hits you from afar with a +0 spear.
You die...

## #.# #..# ###
#...# #.# #....#
##.## .
#.....####...###...
#.....##..........
#.....g.gg@......#
#........g........#
#..................#
........<..........#
.....#.......#####..
.......#>.....# .
.......###....#
..###.. #..... #.
##.....


You could see a gnoll bouda and 3 gnolls.

Vanquished Creatures
  3 gnolls (D:1)
  2 ribbon worms
  2 dart slugs
  2 ball pythons
  3 bats
  6 endoplasms
  A giant cockroach (D:2)
  7 goblins
  3 hobgoblins
  2 kobolds (D:3)
  2 quokkas
  2 frilled lizards
  2 rats (D:3)
37 creatures vanquished.

Notes
Turn   | Place    | Note
-------+----------+-------------------------------------------
     0 | D:1      | Dorkslayer the Octopode Fighter began the quest for the
                  | Orb.
     0 | D:1      | Reached XP level 1. HP: 16/16 MP: 1/1
   178 | D:1      | Found a faded altar of an unknown god.
   251 | D:1      | Reached XP level 2. HP: 21/21 MP: 2/2
   271 | D:1      | Found Reuph's Antique Armour Shoppe.
   862 | D:1      | Reached XP level 3. HP: 9/26 MP: 3/3
  1102 | D:2      | Found an iron altar of Okawaru.
  1687 | D:3      | Reached XP level 4. HP: 31/31 MP: 4/4
  1991 | D:3      | Reached skill level 1 in Stealth
  2256 | D:4      | HP: 1/31 [gnoll/+0 spear[a gnoll bouda] (9)]
  2256 | D:4      | Slain by a gnoll

Illustrated notes

Levels and vault maps discovered:
D:1:      arrival_zaba_pyramid, layout_loops_ring, serial_shops,
          nicolae_shop_trees, basic_ecumenical_altar, serial_bayou_lake_a
D:2:      layout_rooms, serial_forest, infiniplex_forest_straight_5,
          infiniplex_forest_end_2, infiniplex_forest_lined_4_way,
          infiniplex_forest_lined_corner, infiniplex_forest_straight_4,
          infiniplex_forest_lined_1, infiniplex_forest_clump_diagonal,
          infiniplex_forest_zigzag_1, basic_altar
D:3:      layout_rooms
D:4:      layout_layer_cave, marbit_many_paths, hellmonk_no_cap

Skill      XL: |  1  2  3  4 |
---------------+-------------+-----
Stealth        | 1 |  1.1
Fighting       | |  3.4
Long Blades    | |  2.8
Dodging        | |  3.8
Shields        | |  3.3

Action                     |  1- 3 |  4- 6 || total
---------------------------+-------+-------++-------
  Melee: Long sword        |   163 |    38 ||   201
         Constrict         |    15 |    12 ||    27
         Tentacles         |    60 |     3 ||    63
         Punch             |     5 |       ||     5
    Use: Scroll            |       |     3 ||     3
   Stab: Sleeping          |     7 |     1 ||     8
 Armour: Skin              |    17 |    23 ||    40
  Dodge: Dodged            |    27 |    25 ||    52
  Block: Buckler           |     6 |     9 ||    15

Table legend: (Time is in decaauts)
 A = Elapsed time spent in this place.
 B = Non-inter-level travel time spent in this place.
 C = Inter-level travel time spent in this place.
 D = Time resting spent in this place.
 E = Time spent auto-exploring this place.
 F = Levels seen in this place.
 G = Mean time per level.
                   A        B        C        D        E       F      G
               +--------+--------+--------+--------+--------+-----+--------+
         Total |   2320 |   2320 |      0 |    240 |   1257 |   4 |  580.0 |
       Dungeon |   2320 |   2320 |      0 |    240 |   1257 |   4 |  580.0 |
               +--------+--------+--------+--------+--------+-----+--------+

Top non-repeatable levels by time:
     D:1: 935 daAuts
     D:2: 798 daAuts
     D:3: 570 daAuts
     D:4: 15 daAuts
